Little Stars vs Inferno
Created - November 26, 2017 at 19:00
Goals
|
| Little Stars |
0 |
2 |
0 |
2 |
| Inferno |
1 |
1 |
2 |
4 |
|
Shots
|
| Little Stars |
15 |
18 |
3 |
36 |
| Inferno |
7 |
15 |
16 |
38 |
|
1st period
1. Inferno , Matthew Nieto 2 (Sami Vatanen 15, Colby Robak 3) at 19:57
Penalties :
Vladimir Zharkov (Anc) for Hooking (Minor) at 12:39, Robert Klinkhammer (Tex) for Roughing (Minor) at 16:16
2nd period
2. Inferno , Vladimir Zharkov 11 (David Ullstrom 12, Sami Vatanen 16) at 15:19
3. Little Stars , Alex Chiasson 14 (Shawn Matthias 16) at 16:05 (PP)
4. Little Stars , Nail Yakupov 5 (Andrej Sustr 7) at 18:30
Penalties :
Matt Kassian (Anc) for Holding (Minor) at 8:00, David Savard (Anc) for Holding (Minor) at 16:01
3rd period
5. Inferno , Cal O'Reilly 8 (Esa Lindell 4, Tanner Pearson 5) at 13:13
6. Inferno , Esa Lindell 7 (Cal O'Reilly 7) at 17:13
Penalties :
Mathieu Perreault (Tex) for Hooking (Minor) at 7:11
Goalie Stats
Jhonas Enroth (Tex), 34 saves from 38 shots - (0.895), L, 12-4-1, 60:00 minutes
Michael Hutchinson (Anc), 34 saves from 36 shots - (0.944), W, 8-4-0, 60:00 minutes
Players Stats for Little Stars
Player Name G A P +/- PIM S H SB GA TA FO MP PP MP PK MP
------------------------------------------------------------------------------------
Alex Chiasson 1 0 1 -1 0 4 0 0 1 0 7/8 21:28 1:32 2:26
Alexander Vasyunov 0 0 0 -1 0 3 1 1 0 0 0/0 12:12 0:07 0:31
Andrej Sustr 0 1 1 1 0 2 1 1 0 0 0/0 20:21 2:12 0:52
Dana Tyrell 0 0 0 -1 0 4 2 0 0 0 16/32 19:02 1:34 1:01
Daniel Catenacci 0 0 0 -1 0 0 0 0 0 0 0/4 8:44 0:00 0:00
Daniel O'regan 0 0 0 -1 0 0 1 0 0 0 2/7 11:45 0:00 0:31
Jesper Fast 0 0 0 0 0 2 3 0 0 0 1/1 16:44 2:23 0:00
Jesse Joensuu 0 0 0 0 0 4 3 0 0 0 0/3 17:36 2:23 1:01
Mathieu Perreault 0 0 0 0 2 2 2 0 0 0 4/7 17:22 2:23 0:00
Nail Yakupov 1 0 1 -1 0 2 2 0 0 0 0/0 11:47 0:12 0:00
Niklas Hjalmarsson 0 0 0 -2 0 1 4 1 1 2 0/0 28:19 1:50 2:34
Phil Oreskovic 0 0 0 -2 0 1 2 6 2 2 0/0 28:19 1:50 2:34
Robert Klinkhammer 0 0 0 -1 2 3 1 0 0 0 0/0 9:08 0:00 0:00
Scott Kosmachuck 0 0 0 -1 0 1 0 0 0 0 0/0 8:44 0:00 0:00
Shawn Matthias 0 1 1 -1 0 2 1 0 0 0 2/2 21:28 1:32 2:26
Tyler Wotherspoon 0 0 0 -2 0 2 0 0 0 1 0/0 11:20 0:00 0:32
Tyson Barrie 0 0 0 -2 0 0 0 1 0 0 0/0 11:20 0:00 0:32
Yannick Weber 0 0 0 1 0 3 1 1 1 0 0/0 20:21 2:12 0:52
Players Stats for Inferno
Player Name G A P +/- PIM S H SB GA TA FO MP PP MP PK MP
------------------------------------------------------------------------------------
Anders Lee 0 0 0 0 0 0 1 0 0 0 4/8 11:27 0:58 0:39
Cal O'Reilly 1 1 2 2 0 5 0 0 0 0 7/10 12:35 0:17 1:26
Christian Folin 0 0 0 0 0 2 1 3 0 1 0/0 12:40 1:37 0:00
Colby Robak 0 1 1 2 0 0 1 1 1 1 0/0 26:05 2:21 2:20
David Savard 0 0 0 1 2 2 1 2 0 0 0/0 21:10 0:00 1:38
David Ullstrom 0 1 1 0 0 3 0 0 1 0 1/2 20:01 0:00 2:16
Esa Lindell 1 1 2 2 0 4 0 1 1 0 0/0 10:08 0:00 0:00
Kyle Palmieri 0 0 0 0 0 2 1 0 0 0 1/1 17:19 2:10 0:00
Mathieu Brodeur 0 0 0 1 0 2 1 1 0 0 0/0 21:15 0:00 1:42
Matt Kassian 0 0 0 0 2 0 2 0 0 1 1/1 17:38 1:43 0:43
Matthew Nieto 1 0 1 1 0 2 1 0 0 0 0/0 10:10 0:06 0:00
Sami Vatanen 0 2 2 2 0 5 1 5 0 0 0/0 26:05 2:21 2:20
Tanner Pearson 0 1 1 2 0 0 0 0 1 0 1/2 13:03 2:09 0:44
Tyler Shattock 0 0 0 1 0 0 0 0 0 0 1/1 9:41 0:00 0:00
Victor Rask 0 0 0 1 0 2 5 0 0 0 1/6 15:21 2:16 0:00
Vladimir Sobotka 0 0 0 0 0 2 1 0 0 2 13/29 19:06 0:00 2:16
Vladimir Zharkov 1 0 1 0 2 6 1 1 1 0 2/4 19:27 2:15 0:00
Zach Redmond 0 0 0 0 0 1 0 1 0 0 0/0 12:44 1:37 0:04
3 Stars
1 - Esa Lindell (Anc)
2 - Cal O'Reilly (Anc)
3 - Sami Vatanen (Anc)
Power Play
Little Stars - 1 on 3 Attempt(s) - 33.33%
Inferno - 0 on 2 Attempt(s) - 0.00%
Penalty Kill
Little Stars - 2 on 2 Attempt(s) - 100.00%
- Score 0 goal in Penalty Kill
Inferno - 2 on 3 Attempt(s) - 66.67%
- Score 0 goal in Penalty Kill
Team Stat
Little Stars - Hits : 24 - Faceoff Wins : 32 - Blocked Shots : 11 - Penalty Minutes : 4
Inferno - Hits : 17 - Faceoff Wins : 32 - Blocked Shots : 15 - Penalty Minutes : 6
Official
Referees : Sutherland Kelly and Jackson Dave
Linesman : Brad Kovachik and Tim Nowak
Game Notes
Anders Lee is injured at 1:08 of 3rd period (Torn Right Knee Ligaments)
Finance
Level 1 -- Attendance: 1590 (79.50%) -- Ticket Income $63,600
Level 2 -- Attendance: 764 (76.40%) -- Ticket Income $15,280
Total Attendance: 2354 (78.47%)
Total Ticket Income: $78,880
Other Income: $3,944
Total Income: $82,824
Little Stars
5 vs 5 Forward
Center Left Wing Right Wing Time % Phy DF OF
1 Dana Tyrell Shawn Matthias Alex Chiasson 40 1 2 2
2 Mathieu Perreault Jesse Joensuu Jesper Fast 30 1 2 2
3 Daniel O'regan Alexander Vasyunov Nail Yakupov 20 1 2 2
4 Daniel Catenacci Robert Klinkhammer Scott Kosmachuck 10 1 2 2
5 vs 5 Defense
Defense Defense Time % Phy DF OF
1 Niklas Hjalmarsson Phil Oreskovic 40 1 2 2
2 Andrej Sustr Yannick Weber 30 1 2 2
3 Tyson Barrie Tyler Wotherspoon 20 1 2 2
4 Niklas Hjalmarsson Phil Oreskovic 10 1 2 2
PowerPlay Forward
Center Left Wing Right Wing Time % Phy DF OF
1 Dana Tyrell Shawn Matthias Alex Chiasson 60 1 2 2
2 Mathieu Perreault Jesse Joensuu Jesper Fast 40 1 2 2
PowerPlay Defense
Defense Defense Time % Phy DF OF
1 Niklas Hjalmarsson Phil Oreskovic 60 1 2 2
2 Andrej Sustr Yannick Weber 40 1 2 2
Penalty Kill 4 Players Forward
Center Wing Time % Phy DF OF
1 Alex Chiasson Shawn Matthias 60 1 2 2
2 Jesse Joensuu Dana Tyrell 40 1 2 2
Penalty Kill 4 Players Defense
Defense Defense Time % Phy DF OF
1 Niklas Hjalmarsson Phil Oreskovic 60 1 2 2
2 Andrej Sustr Yannick Weber 40 1 2 2
Penalty Kill - 3 Players Forward
Forward Time % Phy DF OF
1 Alex Chiasson 60 1 2 2
2 Shawn Matthias 40 1 2 2
Penalty Kill - 3 Players Defense
Defense Defense Time % Phy DF OF
1 Niklas Hjalmarsson Phil Oreskovic 60 1 2 2
2 Andrej Sustr Yannick Weber 40 1 2 2
4 vs 4 Forward
Center Wing Time % Phy DF OF
1 Alex Chiasson Shawn Matthias 60 1 2 2
2 Jesse Joensuu Dana Tyrell 40 1 2 2
4 vs 4 Defense
Defense Defense Time % Phy DF OF
1 Niklas Hjalmarsson Phil Oreskovic 60 1 2 2
2 Andrej Sustr Yannick Weber 40 1 2 2
Last Minutes Offensive
Center Left Wing Right Wing Defense Defense
Dana Tyrell Shawn Matthias Alex Chiasson Niklas Hjalmarsson Phil Oreskovic
Last Minutes Defensive
Center Left Wing Right Wing Defense Defense
Dana Tyrell Shawn Matthias Alex Chiasson Niklas Hjalmarsson Phil Oreskovic
Goaltenders
Starting : Jhonas Enroth
Backup : Peter Delmas
Extra Forwards
Normal : Nail Yakupov, Alexander Vasyunov, Robert Klinkhammer - PP : Nail Yakupov, Alexander Vasyunov - PK : Robert Klinkhammer
Extra Defensemen
Normal : Tyson Barrie, Tyler Wotherspoon, Andrej Sustr - PP : Tyson Barrie - PK : Tyler Wotherspoon, Andrej Sustr
Penalty Shots
Alex Chiasson, Shawn Matthias, Jesse Joensuu, Dana Tyrell, Mathieu Perreault
Scratches
Michael Mersch (Healthy), Hugh Jessiman (Strained Left Knee Injury), Scott Harrington (Healthy), Reece Willcox (Healthy), Ville Pokka (Healthy)
Alexander Khokhlachev (Healthy), Anthony Camara (Healthy), Duncan Siemens (Healthy), Dillon Simpson (Healthy), Brian Flynn (Healthy)
Laurent Brossoit (Healthy), Anthony Stolarz (Healthy)
Inferno
5 vs 5 Forward
Center Left Wing Right Wing Time % Phy DF OF
1 Vladimir Sobotka David Ullstrom Vladimir Zharkov 40 1 2 2
2 Anders Lee Matt Kassian Kyle Palmieri 30 1 2 2
3 Cal O'Reilly Tanner Pearson Esa Lindell 20 1 2 2
4 Victor Rask Matthew Nieto Tyler Shattock 10 1 2 2
5 vs 5 Defense
Defense Defense Time % Phy DF OF
1 Colby Robak Sami Vatanen 40 1 2 2
2 Mathieu Brodeur David Savard 30 1 2 2
3 Zach Redmond Christian Folin 20 1 2 2
4 Mathieu Brodeur David Savard 10 1 2 2
PowerPlay Forward
Center Left Wing Right Wing Time % Phy DF OF
1 Anders Lee Tanner Pearson Vladimir Zharkov 60 1 2 2
2 Victor Rask Matt Kassian Kyle Palmieri 40 1 2 2
PowerPlay Defense
Defense Defense Time % Phy DF OF
1 Colby Robak Sami Vatanen 60 1 2 2
2 Zach Redmond Christian Folin 40 1 2 2
Penalty Kill 4 Players Forward
Center Wing Time % Phy DF OF
1 Vladimir Sobotka David Ullstrom 60 1 2 2
2 Cal O'Reilly Matt Kassian 40 1 2 2
Penalty Kill 4 Players Defense
Defense Defense Time % Phy DF OF
1 Mathieu Brodeur David Savard 60 1 2 2
2 Colby Robak Sami Vatanen 40 1 2 2
Penalty Kill - 3 Players Forward
Forward Time % Phy DF OF
1 Vladimir Sobotka 60 1 2 2
2 Cal O'Reilly 40 1 2 2
Penalty Kill - 3 Players Defense
Defense Defense Time % Phy DF OF
1 Mathieu Brodeur David Savard 60 1 2 2
2 Colby Robak Sami Vatanen 40 1 2 2
4 vs 4 Forward
Center Wing Time % Phy DF OF
1 Vladimir Sobotka David Ullstrom 60 1 2 2
2 Cal O'Reilly Vladimir Zharkov 40 1 2 2
4 vs 4 Defense
Defense Defense Time % Phy DF OF
1 Colby Robak Sami Vatanen 60 1 2 2
2 Mathieu Brodeur David Savard 40 1 2 2
Last Minutes Offensive
Center Left Wing Right Wing Defense Defense
Vladimir Sobotka David Ullstrom Vladimir Zharkov Colby Robak Sami Vatanen
Last Minutes Defensive
Center Left Wing Right Wing Defense Defense
Vladimir Sobotka David Ullstrom Vladimir Zharkov Mathieu Brodeur David Savard
Goaltenders
Starting : Michael Hutchinson
Backup : Christopher Gibson
Extra Forwards
Normal : David Ullstrom, Kyle Palmieri, Matt Kassian - PP : Victor Rask, Kyle Palmieri - PK : Matt Kassian
Extra Defensemen
Normal : David Savard, Zach Redmond, Mathieu Brodeur - PP : Christian Folin - PK : David Savard, Zach Redmond
Penalty Shots
Kyle Palmieri, Vladimir Sobotka, Victor Rask, Vladimir Zharkov, Anders Lee
Scratches
Anders Lee (Torn Right Knee Ligaments Injury), Chris Brown (Healthy), Frank Corrado (Healthy), Ryan Spooner (Healthy), Joakim Nordstrom (Healthy)
Trevor Carrick (Healthy), Petteri Lindbohm (Healthy), Daniil Tarasov (Healthy), Branden Troock (Healthy), Simon Danis-Pepin (Healthy)
Luca Sbisa (Healthy), Nathan Lieuwen (Healthy)
% Time on Ice - Little Stars
Lines # - Real PCT - Wanted PCT - Time Play
Normal Forward
1 - 35% - 40% - 17:59
2 - 27% - 30% - 14:12
3 - 21% - 20% - 11:05
4 - 17% - 10% - 8:44
Normal Defense
1 - 39% - 40% - 20:12
2 - 33% - 30% - 17:17
3 - 21% - 20% - 10:48
4 - 7% - 10% - 3:43
PP Forward
1 - 41% - 60% - 1:39
2 - 59% - 40% - 2:23
PP Defense
1 - 45% - 60% - 1:50
2 - 55% - 40% - 2:12
PK Forward
1 - 74% - 60% - 2:57
2 - 26% - 40% - 1:01
PK Defense
1 - 78% - 60% - 3:06
2 - 22% - 40% - 0:52
PK3 Forward
1 - 0% - 60%
2 - 0% - 40%
PK3 Defense
1 - 0% - 60%
2 - 0% - 40%
44 Forward
1 - 0% - 60%
2 - 0% - 40%
44 Defense
1 - 0% - 60%
2 - 0% - 40%
Last Minute Offensive - 0:00
Last Minute Defensive - 0:00
Total
Forward - 60:00
Defense - 60:00
|
% Time on Ice - Inferno
Lines # - Real PCT - Wanted PCT - Time Play
Normal Forward
1 - 35% - 40% - 18:18
2 - 29% - 30% - 14:52
3 - 19% - 20% - 10:08
4 - 17% - 10% - 8:42
Normal Defense
1 - 41% - 40% - 21:18
2 - 31% - 30% - 15:55
3 - 21% - 20% - 10:55
4 - 7% - 10% - 3:52
PP Forward
1 - 57% - 60% - 2:15
2 - 43% - 40% - 1:43
PP Defense
1 - 59% - 60% - 2:21
2 - 41% - 40% - 1:37
PK Forward
1 - 72% - 60% - 2:55
2 - 28% - 40% - 1:07
PK Defense
1 - 42% - 60% - 1:42
2 - 58% - 40% - 2:20
PK3 Forward
1 - 0% - 60%
2 - 0% - 40%
PK3 Defense
1 - 0% - 60%
2 - 0% - 40%
44 Forward
1 - 0% - 60%
2 - 0% - 40%
44 Defense
1 - 0% - 60%
2 - 0% - 40%
Last Minute Offensive - 0:00
Last Minute Defensive - 0:00
Total
Forward - 60:00
Defense - 60:00
|
Play by Play
1st period
0:01 of 1st period - Vladimir Sobotka wins face-off versus Dana Tyrell in neutral zone.
0:04 of 1st period - Snap shot by David Ullstrom.
0:04 of 1st period - Deflect By Vladimir Zharkov.
0:04 of 1st period - Stopped by Jhonas Enroth with a rebound.
0:12 of 1st period - Wrist shot by Shawn Matthias.
0:12 of 1st period - Shot Blocked by Sami Vatanen.
0:14 of 1st period - Slapshot by Phil Oreskovic.
0:14 of 1st period - Stopped by Michael Hutchinson with a rebound.
0:16 of 1st period - Wrist shot by Dana Tyrell.
0:16 of 1st period - Stopped by Michael Hutchinson without a rebound.
0:17 of 1st period - Matt Kassian wins face-off versus Mathieu Perreault in Inferno zone.
0:39 of 1st period - Icing by Yannick Weber.
0:40 of 1st period - Mathieu Perreault wins face-off versus Cal O'Reilly in Little Stars zone.
0:51 of 1st period - Wrist shot by Nail Yakupov.
0:51 of 1st period - Shot Blocked by Christian Folin.
0:53 of 1st period - Slapshot by Andrej Sustr.
0:53 of 1st period - Shot Misses the Net.
1:12 of 1st period - Niklas Hjalmarsson is hit by Vladimir Zharkov.
1:26 of 1st period - Wrist shot by Robert Klinkhammer.
1:26 of 1st period - Shot Blocked by Christian Folin.
1:28 of 1st period - Slapshot by Niklas Hjalmarsson.
1:28 of 1st period - Shot Blocked by Christian Folin.
1:50 of 1st period - Slapshot by Tyson Barrie.
1:50 of 1st period - Shot Blocked by Sami Vatanen.
2:12 of 1st period - Wrist shot by Alexander Vasyunov.
2:12 of 1st period - Stopped by Michael Hutchinson with a rebound.
2:14 of 1st period - Slapshot by Phil Oreskovic.
2:14 of 1st period - Shot Blocked by Esa Lindell.
2:30 of 1st period - Slapshot by Dana Tyrell.
2:30 of 1st period - Stopped by Michael Hutchinson with a rebound.
2:32 of 1st period - Slapshot by Phil Oreskovic.
2:32 of 1st period - Shot Misses the Net.
3:39 of 1st period - Wrist shot by Mathieu Perreault.
3:39 of 1st period - Stopped by Michael Hutchinson with a rebound.
3:41 of 1st period - Wrist shot by Yannick Weber.
3:41 of 1st period - Shot Blocked by David Savard.
3:43 of 1st period - Snap shot by Yannick Weber.
3:43 of 1st period - Deflect By Jesse Joensuu.
3:43 of 1st period - Stopped by Michael Hutchinson without a rebound.
3:44 of 1st period - Vladimir Sobotka wins face-off versus Dana Tyrell in Inferno zone.
4:57 of 1st period - Slapshot by Yannick Weber.
4:57 of 1st period - Shot Hit the Post.
4:59 of 1st period - Wrist shot by Andrej Sustr.
4:59 of 1st period - Stopped by Michael Hutchinson with a rebound.
5:01 of 1st period - Slapshot by Yannick Weber.
5:01 of 1st period - Stopped by Michael Hutchinson with a rebound.
5:13 of 1st period - Robert Klinkhammer is hit by Victor Rask and loses puck.
5:40 of 1st period - Snap shot by Sami Vatanen.
5:40 of 1st period - Shot Misses the Net.
5:48 of 1st period - Snap shot by Robert Klinkhammer.
5:48 of 1st period - Shot Misses the Net.
6:12 of 1st period - Wrist shot by Scott Kosmachuck.
6:12 of 1st period - Shot Misses the Net.
6:14 of 1st period - Slapshot by Yannick Weber.
6:14 of 1st period - Shot Blocked by Sami Vatanen.
6:16 of 1st period - Slapshot by Andrej Sustr.
6:16 of 1st period - Stopped by Michael Hutchinson with a rebound.
6:18 of 1st period - Slapshot by Robert Klinkhammer.
6:18 of 1st period - Shot Blocked by Colby Robak.
6:20 of 1st period - Snap shot by Robert Klinkhammer.
6:20 of 1st period - Stopped by Michael Hutchinson with a rebound.
6:24 of 1st period - Slapshot by Scott Kosmachuck.
6:24 of 1st period - Stopped by Michael Hutchinson without a rebound.
6:25 of 1st period - Vladimir Sobotka wins face-off versus Dana Tyrell in Inferno zone.
6:30 of 1st period - Phil Oreskovic is hit by David Savard and loses puck.
6:55 of 1st period - Snap shot by Alexander Vasyunov.
6:55 of 1st period - Stopped by Michael Hutchinson with a rebound.
6:57 of 1st period - Slapshot by Tyler Wotherspoon.
6:57 of 1st period - Shot Misses the Net.
7:51 of 1st period - Mathieu Brodeur is hit by Daniel O'regan and loses puck.
8:00 of 1st period - Wrist shot by Esa Lindell.
8:00 of 1st period - Shot Blocked by Phil Oreskovic.
8:14 of 1st period - Wrist shot by Jesse Joensuu.
8:14 of 1st period - Shot Blocked by Zach Redmond.
8:41 of 1st period - Icing by Christian Folin.
8:42 of 1st period - Daniel O'regan wins face-off versus Cal O'Reilly in Inferno zone.
8:57 of 1st period - Shawn Matthias is hit by Matt Kassian and loses puck.
9:22 of 1st period - Tyler Wotherspoon is hit by Matthew Nieto and loses puck.
9:56 of 1st period - Vladimir Zharkov is hit by Dana Tyrell and loses puck.
10:20 of 1st period - Esa Lindell is hit by Niklas Hjalmarsson and loses puck.
10:48 of 1st period - Wrist shot by Matthew Nieto.
10:48 of 1st period - Shot Misses the Net.
11:16 of 1st period - Icing by Alex Chiasson.
11:17 of 1st period - Mathieu Perreault wins face-off versus Anders Lee in Little Stars zone.
11:44 of 1st period - Vladimir Zharkov is hit by Dana Tyrell.
11:47 of 1st period - Off-side.
11:48 of 1st period - Shawn Matthias wins face-off versus Vladimir Sobotka in neutral zone.
11:59 of 1st period - Snap shot by Alex Chiasson.
11:59 of 1st period - Shot Misses the Net.
12:13 of 1st period - Vladimir Sobotka is hit by Phil Oreskovic and loses puck.
12:24 of 1st period - Slapshot by Nail Yakupov.
12:24 of 1st period - Shot Misses the Net.
12:26 of 1st period - Snap shot by Alexander Vasyunov.
12:26 of 1st period - Stopped by Michael Hutchinson with a rebound.
12:39 of 1st period - Minor Penalty to Vladimir Zharkov for Hooking.
12:40 of 1st period - Dana Tyrell wins face-off versus Vladimir Sobotka in Inferno zone.
12:46 of 1st period - Wrist shot by Alex Chiasson.
12:46 of 1st period - Deflect By Shawn Matthias.
12:46 of 1st period - Shot Misses the Net.
12:46 of 1st period - Puck is out of play.
12:47 of 1st period - Vladimir Sobotka wins face-off versus Dana Tyrell in Inferno zone.
13:12 of 1st period - Wrist shot by Cal O'Reilly.
13:12 of 1st period - Stopped by Jhonas Enroth without a rebound.
13:13 of 1st period - Jesper Fast wins face-off versus Cal O'Reilly in Little Stars zone.
14:33 of 1st period - Snap shot by Jesse Joensuu.
14:33 of 1st period - Shot Misses the Net.
14:39 of 1st period - Penalty to Vladimir Zharkov is over, Vladimir Zharkov is back on ice.
14:43 of 1st period - Snap shot by Jesse Joensuu.
14:43 of 1st period - Deflect By Vladimir Zharkov.
14:43 of 1st period - Stopped by Michael Hutchinson without a rebound.
14:44 of 1st period - Dana Tyrell wins face-off versus Victor Rask in Inferno zone.
15:23 of 1st period - Wrist shot by Nail Yakupov.
15:23 of 1st period - Shot Misses the Net.
15:25 of 1st period - Slapshot by Tyson Barrie.
15:25 of 1st period - Shot Misses the Net.
15:27 of 1st period - Slapshot by Tyler Wotherspoon.
15:27 of 1st period - Stopped by Michael Hutchinson with a rebound.
15:39 of 1st period - Snap shot by Cal O'Reilly.
15:39 of 1st period - Stopped by Jhonas Enroth without a rebound.
15:40 of 1st period - Cal O'Reilly wins face-off versus Daniel Catenacci in Little Stars zone.
16:16 of 1st period - Minor Penalty to Robert Klinkhammer for Roughing.
16:17 of 1st period - Alex Chiasson wins face-off versus Anders Lee in Little Stars zone.
18:16 of 1st period - Penalty to Robert Klinkhammer is over, Robert Klinkhammer is back on ice.
18:30 of 1st period - Snap shot by Vladimir Sobotka.
18:30 of 1st period - Shot Blocked by Tyson Barrie.
18:32 of 1st period - Snap shot by Mathieu Brodeur.
18:32 of 1st period - Stopped by Jhonas Enroth with a rebound.
18:34 of 1st period - Snap shot by David Savard.
18:34 of 1st period - Shot Misses the Net.
18:36 of 1st period - Slapshot by David Savard.
18:36 of 1st period - Stopped by Jhonas Enroth without a rebound.
18:37 of 1st period - Cal O'Reilly wins face-off versus Daniel O'regan in Little Stars zone.
19:44 of 1st period - Robert Klinkhammer is hit by Christian Folin and loses puck.
19:55 of 1st period - Slapshot by Sami Vatanen.
19:55 of 1st period - Stopped by Jhonas Enroth with a rebound.
19:57 of 1st period - Snap shot by Matthew Nieto.
19:57 of 1st period - Goal by Matthew Nieto - Little Stars : 0 - Inferno : 1.
19:58 of 1st period - Dana Tyrell wins face-off versus Vladimir Sobotka in neutral zone.
Goals for this period are 0 for Little Stars vs 1 for Inferno.
Shots for this period are 15 for Little Stars vs 7 for Inferno.
2nd period
0:01 of 2nd period - Alex Chiasson wins face-off versus Vladimir Sobotka in neutral zone.
0:25 of 2nd period - Colby Robak is hit by Niklas Hjalmarsson and loses puck.
0:30 of 2nd period - Snap shot by Mathieu Perreault.
0:30 of 2nd period - Shot Misses the Net.
0:32 of 2nd period - Slapshot by Andrej Sustr.
0:32 of 2nd period - Deflect By Jesper Fast.
0:32 of 2nd period - Stopped by Michael Hutchinson with a rebound.
0:34 of 2nd period - Snap shot by Mathieu Perreault.
0:34 of 2nd period - Stopped by Michael Hutchinson without a rebound.
0:35 of 2nd period - Vladimir Sobotka wins face-off versus Dana Tyrell in Inferno zone.
1:00 of 2nd period - Wrist shot by Cal O'Reilly.
1:00 of 2nd period - Shot Misses the Net.
1:02 of 2nd period - Snap shot by Esa Lindell.
1:02 of 2nd period - Stopped by Jhonas Enroth without a rebound.
1:03 of 2nd period - Mathieu Perreault wins face-off versus Tanner Pearson in Little Stars zone.
1:12 of 2nd period - Snap shot by Jesse Joensuu.
1:12 of 2nd period - Stopped by Michael Hutchinson without a rebound.
1:13 of 2nd period - Mathieu Perreault wins face-off versus Vladimir Zharkov in Inferno zone.
1:27 of 2nd period - Off-side.
1:28 of 2nd period - Anders Lee wins face-off versus Dana Tyrell in neutral zone.
1:34 of 2nd period - Off-side.
1:35 of 2nd period - Dana Tyrell wins face-off versus Anders Lee in neutral zone.
1:38 of 2nd period - Slapshot by Phil Oreskovic.
1:38 of 2nd period - Shot Misses the Net.
1:40 of 2nd period - Snap shot by Niklas Hjalmarsson.
1:40 of 2nd period - Shot Misses the Net.
1:42 of 2nd period - Slapshot by Niklas Hjalmarsson.
1:42 of 2nd period - Stopped by Michael Hutchinson with a rebound.
1:44 of 2nd period - Snap shot by Dana Tyrell.
1:44 of 2nd period - Stopped by Michael Hutchinson with a rebound.
1:54 of 2nd period - Niklas Hjalmarsson is hit by Anders Lee and loses puck.
2:13 of 2nd period - Snap shot by Dana Tyrell.
2:13 of 2nd period - Shot Blocked by David Savard.
2:15 of 2nd period - Slapshot by Alex Chiasson.
2:15 of 2nd period - Stopped by Michael Hutchinson without a rebound.
2:16 of 2nd period - Vladimir Sobotka wins face-off versus Jesse Joensuu in Inferno zone.
2:27 of 2nd period - Wrist shot by Vladimir Sobotka.
2:27 of 2nd period - Stopped by Jhonas Enroth with a rebound.
2:29 of 2nd period - Backhand shot by Vladimir Sobotka.
2:29 of 2nd period - Shot Misses the Net.
2:31 of 2nd period - Snap shot by David Ullstrom.
2:31 of 2nd period - Stopped by Jhonas Enroth with a rebound.
2:41 of 2nd period - Colby Robak is hit by Alexander Vasyunov and loses puck.
2:47 of 2nd period - Off-side.
2:48 of 2nd period - Vladimir Sobotka wins face-off versus Daniel O'regan in neutral zone.
3:01 of 2nd period - Snap shot by Vladimir Zharkov.
3:01 of 2nd period - Shot Blocked by Phil Oreskovic.
3:03 of 2nd period - Snap shot by David Ullstrom.
3:03 of 2nd period - Stopped by Jhonas Enroth without a rebound.
3:04 of 2nd period - Anders Lee wins face-off versus Dana Tyrell in Little Stars zone.
3:17 of 2nd period - Wrist shot by Kyle Palmieri.
3:17 of 2nd period - Stopped by Jhonas Enroth without a rebound.
3:18 of 2nd period - Dana Tyrell wins face-off versus Vladimir Sobotka in Little Stars zone.
3:25 of 2nd period - Wrist shot by Sami Vatanen.
3:25 of 2nd period - Stopped by Jhonas Enroth with a rebound.
3:45 of 2nd period - Kyle Palmieri is hit by Jesper Fast and loses puck.
3:53 of 2nd period - Icing by Kyle Palmieri.
3:54 of 2nd period - Dana Tyrell wins face-off versus Anders Lee in Inferno zone.
4:05 of 2nd period - Slapshot by Yannick Weber.
4:05 of 2nd period - Shot Blocked by Mathieu Brodeur.
4:29 of 2nd period - Wrist shot by David Ullstrom.
4:29 of 2nd period - Shot Misses the Net.
4:31 of 2nd period - Slapshot by Mathieu Brodeur.
4:31 of 2nd period - Shot Misses the Net.
5:15 of 2nd period - Niklas Hjalmarsson is hit by Colby Robak.
5:19 of 2nd period - Colby Robak is hit by Robert Klinkhammer and loses puck.
5:44 of 2nd period - Wrist shot by Matthew Nieto.
5:44 of 2nd period - Shot Misses the Net.
5:46 of 2nd period - Slapshot by Mathieu Brodeur.
5:46 of 2nd period - Stopped by Jhonas Enroth with a rebound.
6:45 of 2nd period - Icing by David Savard.
6:46 of 2nd period - Tyler Shattock wins face-off versus Dana Tyrell in Inferno zone.
6:46 of 2nd period - Tyler Shattock is hit by Shawn Matthias.
6:52 of 2nd period - Slapshot by David Savard.
6:52 of 2nd period - Shot Misses the Net.
6:54 of 2nd period - Snap shot by Victor Rask.
6:54 of 2nd period - Deflect By Alex Chiasson.
6:54 of 2nd period - Stopped by Jhonas Enroth with a rebound.
7:37 of 2nd period - Snap shot by Matthew Nieto.
7:37 of 2nd period - Shot Blocked by Andrej Sustr.
7:39 of 2nd period - Slapshot by David Savard.
7:39 of 2nd period - Shot Misses the Net.
7:41 of 2nd period - Snap shot by Matthew Nieto.
7:41 of 2nd period - Stopped by Jhonas Enroth without a rebound.
7:42 of 2nd period - Dana Tyrell wins face-off versus Vladimir Sobotka in Little Stars zone.
7:57 of 2nd period - Snap shot by Shawn Matthias.
7:57 of 2nd period - Stopped by Michael Hutchinson without a rebound.
7:58 of 2nd period - Anders Lee wins face-off versus Dana Tyrell in Inferno zone.
8:00 of 2nd period - Minor Penalty to Matt Kassian for Holding.
8:01 of 2nd period - Vladimir Sobotka wins face-off versus Dana Tyrell in Inferno zone.
8:11 of 2nd period - Wrist shot by Alex Chiasson.
8:11 of 2nd period - Shot Misses the Net.
8:13 of 2nd period - Snap shot by Alex Chiasson.
8:13 of 2nd period - Stopped by Michael Hutchinson with a rebound.
10:00 of 2nd period - Penalty to Matt Kassian is over, Matt Kassian is back on ice.
10:44 of 2nd period - Icing by Tyler Wotherspoon.
10:45 of 2nd period - Tanner Pearson wins face-off versus Mathieu Perreault in Little Stars zone.
10:46 of 2nd period - Snap shot by Cal O'Reilly.
10:46 of 2nd period - Stopped by Jhonas Enroth without a rebound.
10:47 of 2nd period - Cal O'Reilly wins face-off versus Jesse Joensuu in Little Stars zone.
10:54 of 2nd period - Snap shot by Esa Lindell.
10:54 of 2nd period - Stopped by Jhonas Enroth without a rebound.
10:55 of 2nd period - Cal O'Reilly wins face-off versus Dana Tyrell in Little Stars zone.
10:56 of 2nd period - Slapshot by Esa Lindell.
10:56 of 2nd period - Stopped by Jhonas Enroth without a rebound.
10:57 of 2nd period - Vladimir Sobotka wins face-off versus Dana Tyrell in Little Stars zone.
11:50 of 2nd period - Snap shot by Robert Klinkhammer.
11:50 of 2nd period - Stopped by Michael Hutchinson with a rebound.
11:52 of 2nd period - Slapshot by Yannick Weber.
11:52 of 2nd period - Stopped by Michael Hutchinson without a rebound.
11:53 of 2nd period - Shawn Matthias wins face-off versus Vladimir Sobotka in Inferno zone.
12:06 of 2nd period - Wrist shot by Dana Tyrell.
12:06 of 2nd period - Shot Misses the Net.
12:08 of 2nd period - Slapshot by Alex Chiasson.
12:08 of 2nd period - Shot Misses the Net.
13:11 of 2nd period - Victor Rask is hit by Niklas Hjalmarsson and loses puck.
13:26 of 2nd period - Zach Redmond is hit by Mathieu Perreault and loses puck.
13:35 of 2nd period - Wrist shot by Jesse Joensuu.
13:35 of 2nd period - Stopped by Michael Hutchinson without a rebound.
13:36 of 2nd period - Vladimir Sobotka wins face-off versus Daniel O'regan in Inferno zone.
13:47 of 2nd period - Snap shot by Vladimir Sobotka.
13:47 of 2nd period - Shot Misses the Net.
14:07 of 2nd period - Snap shot by Shawn Matthias.
14:07 of 2nd period - Shot Misses the Net.
14:09 of 2nd period - Slapshot by Tyler Wotherspoon.
14:09 of 2nd period - Stopped by Michael Hutchinson without a rebound.
14:10 of 2nd period - Dana Tyrell wins face-off versus Vladimir Sobotka in Inferno zone.
14:44 of 2nd period - Anders Lee is hit by Jesse Joensuu and loses puck.
15:01 of 2nd period - Snap shot by Cal O'Reilly.
15:01 of 2nd period - Shot Misses the Net.
15:19 of 2nd period - Snap shot by Vladimir Zharkov.
15:19 of 2nd period - Goal by Vladimir Zharkov - Little Stars : 0 - Inferno : 2.
15:20 of 2nd period - Dana Tyrell wins face-off versus Vladimir Sobotka in neutral zone.
15:30 of 2nd period - Snap shot by David Savard.
15:30 of 2nd period - Stopped by Jhonas Enroth with a rebound.
16:01 of 2nd period - Minor Penalty to David Savard for Holding.
16:02 of 2nd period - Alex Chiasson wins face-off versus Vladimir Sobotka in Inferno zone.
16:03 of 2nd period - Wrist shot by Shawn Matthias.
16:03 of 2nd period - Stopped by Michael Hutchinson with a rebound.
16:05 of 2nd period - Snap shot by Alex Chiasson.
16:05 of 2nd period - Goal by Alex Chiasson - Little Stars : 1 - Inferno : 2.
16:06 of 2nd period - Dana Tyrell wins face-off versus Vladimir Sobotka in neutral zone.
16:18 of 2nd period - Snap shot by Shawn Matthias.
16:18 of 2nd period - Shot Blocked by Vladimir Zharkov.
16:20 of 2nd period - Snap shot by Shawn Matthias.
16:20 of 2nd period - Deflect By Dana Tyrell.
16:20 of 2nd period - Stopped by Michael Hutchinson without a rebound.
16:21 of 2nd period - Anders Lee wins face-off versus Mathieu Perreault in Inferno zone.
16:21 of 2nd period - Anders Lee is hit by Phil Oreskovic.
16:26 of 2nd period - Colby Robak is hit by Jesper Fast and loses puck.
16:39 of 2nd period - Colby Robak is hit by Niklas Hjalmarsson and loses puck.
17:33 of 2nd period - Slapshot by Yannick Weber.
17:33 of 2nd period - Stopped by Michael Hutchinson with a rebound.
17:35 of 2nd period - Snap shot by Daniel Catenacci.
17:35 of 2nd period - Shot Misses the Net.
17:37 of 2nd period - Wrist shot by Scott Kosmachuck.
17:37 of 2nd period - Shot Misses the Net.
17:39 of 2nd period - Snap shot by Scott Kosmachuck.
17:39 of 2nd period - Deflect By Robert Klinkhammer.
17:39 of 2nd period - Shot Misses the Net.
17:39 of 2nd period - Puck is out of play.
17:40 of 2nd period - Victor Rask wins face-off versus Daniel Catenacci in Inferno zone.
18:00 of 2nd period - Wrist shot by Robert Klinkhammer.
18:00 of 2nd period - Stopped by Michael Hutchinson without a rebound.
18:01 of 2nd period - Vladimir Zharkov wins face-off versus Dana Tyrell in Inferno zone.
18:30 of 2nd period - Slapshot by Nail Yakupov.
18:30 of 2nd period - Goal by Nail Yakupov - Little Stars : 2 - Inferno : 2.
18:31 of 2nd period - Vladimir Sobotka wins face-off versus Dana Tyrell in neutral zone.
18:34 of 2nd period - Slapshot by Vladimir Zharkov.
18:34 of 2nd period - Stopped by Jhonas Enroth with a rebound.
Goals for this period are 2 for Little Stars vs 1 for Inferno.
Shots for this period are 18 for Little Stars vs 15 for Inferno.
3rd period
0:01 of 3rd period - Dana Tyrell wins face-off versus Vladimir Sobotka in neutral zone.
0:06 of 3rd period - Slapshot by Niklas Hjalmarsson.
0:06 of 3rd period - Shot Blocked by Sami Vatanen.
0:40 of 3rd period - Anders Lee is hit by Mathieu Perreault and loses puck.
1:07 of 3rd period - Anders Lee is hit by Yannick Weber and loses puck.
1:08 of 3rd period - Anders Lee from Inferno is injured at 1:08 of 3rd period (Torn Right Knee Ligaments).
1:09 of 3rd period - Dana Tyrell wins face-off versus Vladimir Sobotka in Inferno zone.
1:18 of 3rd period - Snap shot by Alex Chiasson.
1:18 of 3rd period - Shot Misses the Net.
1:20 of 3rd period - Slapshot by Alex Chiasson.
1:20 of 3rd period - Stopped by Michael Hutchinson without a rebound.
1:21 of 3rd period - Vladimir Sobotka wins face-off versus Dana Tyrell in Inferno zone.
1:53 of 3rd period - Snap shot by Jesper Fast.
1:53 of 3rd period - Stopped by Michael Hutchinson with a rebound.
2:29 of 3rd period - Snap shot by Vladimir Zharkov.
2:29 of 3rd period - Shot Blocked by Phil Oreskovic.
2:31 of 3rd period - Wrist shot by Vladimir Zharkov.
2:31 of 3rd period - Shot Blocked by Niklas Hjalmarsson.
2:33 of 3rd period - Wrist shot by Vladimir Zharkov.
2:33 of 3rd period - Shot Misses the Net.
2:35 of 3rd period - Snap shot by Christian Folin.
2:35 of 3rd period - Stopped by Jhonas Enroth with a rebound.
2:47 of 3rd period - Robert Klinkhammer is hit by Victor Rask and loses puck.
5:22 of 3rd period - Matt Kassian is hit by Jesper Fast and loses puck.
6:01 of 3rd period - Andrej Sustr is hit by Mathieu Brodeur and loses puck.
6:26 of 3rd period - Shawn Matthias is hit by Sami Vatanen and loses puck.
6:39 of 3rd period - Wrist shot by Robert Klinkhammer.
6:39 of 3rd period - Shot Misses the Net.
6:51 of 3rd period - Scott Kosmachuck is hit by Victor Rask and loses puck.
7:11 of 3rd period - Minor Penalty to Mathieu Perreault for Hooking.
7:12 of 3rd period - Alex Chiasson wins face-off versus Victor Rask in Little Stars zone.
7:38 of 3rd period - Shawn Matthias is hit by Matt Kassian and loses puck.
7:51 of 3rd period - Dana Tyrell is hit by Kyle Palmieri.
8:00 of 3rd period - Victor Rask is hit by Jesse Joensuu and loses puck.
8:08 of 3rd period - Icing by Zach Redmond.
8:09 of 3rd period - Alex Chiasson wins face-off versus Victor Rask in Inferno zone.
8:33 of 3rd period - Snap shot by Cal O'Reilly.
8:33 of 3rd period - Deflect By Vladimir Zharkov.
8:33 of 3rd period - Shot Misses the Net.
8:33 of 3rd period - Puck is out of play.
8:34 of 3rd period - Kyle Palmieri wins face-off versus Jesse Joensuu in Little Stars zone.
8:35 of 3rd period - Slapshot by Sami Vatanen.
8:35 of 3rd period - Shot Misses the Net.
8:37 of 3rd period - Snap shot by Tanner Pearson.
8:37 of 3rd period - Shot Misses the Net.
8:39 of 3rd period - Slapshot by Kyle Palmieri.
8:39 of 3rd period - Shot Misses the Net.
8:41 of 3rd period - Snap shot by Sami Vatanen.
8:41 of 3rd period - Deflect By Dana Tyrell.
8:41 of 3rd period - Stopped by Jhonas Enroth without a rebound.
8:42 of 3rd period - Vladimir Zharkov wins face-off versus Alex Chiasson in Little Stars zone.
8:51 of 3rd period - Wrist shot by Kyle Palmieri.
8:51 of 3rd period - Stopped by Jhonas Enroth without a rebound.
8:52 of 3rd period - Alex Chiasson wins face-off versus Victor Rask in Little Stars zone.
8:52 of 3rd period - Alex Chiasson is hit by Victor Rask.
9:01 of 3rd period - Icing by Colby Robak.
9:02 of 3rd period - Alex Chiasson wins face-off versus Victor Rask in Inferno zone.
9:11 of 3rd period - Penalty to Mathieu Perreault is over, Mathieu Perreault is back on ice.
9:46 of 3rd period - Slapshot by Sami Vatanen.
9:46 of 3rd period - Deflect By Shawn Matthias.
9:46 of 3rd period - Stopped by Jhonas Enroth with a rebound.
9:48 of 3rd period - Snap shot by Sami Vatanen.
9:48 of 3rd period - Shot Misses the Net.
9:50 of 3rd period - Slapshot by Vladimir Zharkov.
9:50 of 3rd period - Shot Misses the Net.
9:52 of 3rd period - Slapshot by Colby Robak.
9:52 of 3rd period - Shot Blocked by Phil Oreskovic.
9:54 of 3rd period - Wrist shot by Victor Rask.
9:54 of 3rd period - Stopped by Jhonas Enroth with a rebound.
9:56 of 3rd period - Slapshot by Sami Vatanen.
9:56 of 3rd period - Deflect By Shawn Matthias.
9:56 of 3rd period - Stopped by Jhonas Enroth with a rebound.
9:58 of 3rd period - Snap shot by Vladimir Zharkov.
9:58 of 3rd period - Stopped by Jhonas Enroth without a rebound.
9:59 of 3rd period - David Ullstrom wins face-off versus Daniel O'regan in Little Stars zone.
10:21 of 3rd period - Icing by David Savard.
10:22 of 3rd period - Cal O'Reilly wins face-off versus Daniel Catenacci in Inferno zone.
11:08 of 3rd period - Snap shot by Cal O'Reilly.
11:08 of 3rd period - Shot Misses the Net.
11:12 of 3rd period - Slapshot by David Ullstrom.
11:12 of 3rd period - Stopped by Jhonas Enroth without a rebound.
11:13 of 3rd period - Dana Tyrell wins face-off versus Vladimir Sobotka in Little Stars zone.
11:26 of 3rd period - Wrist shot by David Ullstrom.
11:26 of 3rd period - Deflect By Vladimir Zharkov.
11:26 of 3rd period - Stopped by Jhonas Enroth with a rebound.
12:03 of 3rd period - Off-side.
12:04 of 3rd period - Vladimir Sobotka wins face-off versus Daniel Catenacci in neutral zone.
12:09 of 3rd period - Snap shot by David Ullstrom.
12:09 of 3rd period - Shot Blocked by Phil Oreskovic.
12:17 of 3rd period - Icing by Sami Vatanen.
12:18 of 3rd period - Dana Tyrell wins face-off versus Vladimir Sobotka in Inferno zone.
13:11 of 3rd period - Slapshot by Esa Lindell.
13:11 of 3rd period - Shot Misses the Net.
13:13 of 3rd period - Snap shot by Cal O'Reilly.
13:13 of 3rd period - Goal by Cal O'Reilly - Little Stars : 2 - Inferno : 3.
13:14 of 3rd period - Dana Tyrell wins face-off versus Vladimir Zharkov in neutral zone.
13:17 of 3rd period - Slapshot by Shawn Matthias.
13:17 of 3rd period - Shot Blocked by Sami Vatanen.
13:25 of 3rd period - Backhand shot by Vladimir Zharkov.
13:25 of 3rd period - Stopped by Jhonas Enroth with a rebound.
13:27 of 3rd period - Slapshot by Vladimir Zharkov.
13:27 of 3rd period - Deflect By Vladimir Sobotka.
13:27 of 3rd period - Stopped by Jhonas Enroth without a rebound.
13:28 of 3rd period - Dana Tyrell wins face-off versus Vladimir Sobotka in Little Stars zone.
14:19 of 3rd period - Cal O'Reilly is hit by Nail Yakupov and loses puck.
15:08 of 3rd period - Off-side.
15:09 of 3rd period - Daniel O'regan wins face-off versus David Ullstrom in neutral zone.
16:11 of 3rd period - Christian Folin is hit by Jesse Joensuu and loses puck.
17:03 of 3rd period - Wrist shot by Cal O'Reilly.
17:03 of 3rd period - Shot Blocked by Yannick Weber.
17:05 of 3rd period - Snap shot by Matthew Nieto.
17:05 of 3rd period - Shot Blocked by Alexander Vasyunov.
17:07 of 3rd period - Slapshot by Christian Folin.
17:07 of 3rd period - Stopped by Jhonas Enroth with a rebound.
17:09 of 3rd period - Snap shot by Cal O'Reilly.
17:09 of 3rd period - Stopped by Jhonas Enroth without a rebound.
17:10 of 3rd period - Cal O'Reilly wins face-off versus Dana Tyrell in Little Stars zone.
17:13 of 3rd period - Snap shot by Esa Lindell.
17:13 of 3rd period - Goal by Esa Lindell - Little Stars : 2 - Inferno : 4.
17:14 of 3rd period - Cal O'Reilly wins face-off versus Daniel O'regan in neutral zone.
17:29 of 3rd period - Wrist shot by Esa Lindell.
17:29 of 3rd period - Shot Blocked by Phil Oreskovic.
17:39 of 3rd period - Alex Chiasson is hit by Vladimir Sobotka and loses puck.
18:26 of 3rd period - Esa Lindell is hit by Andrej Sustr and loses puck.
18:41 of 3rd period - Vladimir Zharkov is hit by Nail Yakupov and loses puck.
18:50 of 3rd period - Snap shot by Nail Yakupov.
18:50 of 3rd period - Stopped by Michael Hutchinson with a rebound.
19:17 of 3rd period - Slapshot by Zach Redmond.
19:17 of 3rd period - Stopped by Jhonas Enroth with a rebound.
19:59 of 3rd period - Jesper Fast is hit by Victor Rask and loses puck.
Goals for this period are 0 for Little Stars vs 2 for Inferno.
Shots for this period are 3 for Little Stars vs 16 for Inferno.
Back to the Top